cohdb
Replays
Latest Replays
All Replays
Popular Replays
Top Player Replays
Match Explorer
How It Works
Community
CoH3 Stats
Reddit
Sign in to upload your games and track your stats! →
Sign in with Steam
Match 41396833
Unlisted
Match 41396833
Overview
Messages
Build Orders
End
Construct Barracks
Selects Heavy Weapons
Riflemen Squad
Riflemen Squad
Construct Weapon Support Center
M1919 Machine Gun Team
Selects M2HB .50cal Heavy Machine Gun
Riflemen Squad
Mechanized Support Center
M3 Armored Personnel Carrier
Selects Assault Carriers
Engineer Squad
Improvised Armor
M3 Assault Carrier
Selects Exchangeable Parts
Grenade Package
M1919 Machine Gun Team
Honey
khj
Zebra
스팀계정족같네
[19PD] Grigor
赤霞
记忆昂姜
CPU - Noob
0
0
Comments
sign in to comment!
No comments posted yet!